 Dungeon Crawl Stone Soup version 0.31.0-9-g3a7656b989 (webtiles) character file.

Game seed: 4784728308414263712

5 qw the Shooter (level 1, -2/10 HPs)
             Began as a Spriggan Hunter on Feb 2, 2024.
             Slain by a rat (3 damage)
             ... on level 1 of the Dungeon.
             The game lasted 00:00:00 (38 turns).

qw the Shooter (Spriggan Hunter)                      Turns: 38, Time: 00:00:00

Health: -2/10      AC:  2    Str:  7    XL:     1   Next: 66%
Magic:  2/2        EV: 18    Int: 10    God:
Gold:   8          SH:  0    Dex: 18    Spells: 0/0 levels left

rFire   . . .        a - +0 shortbow
rCold   . . .        (shield currently unavailable)
rNeg    . . .        c - +0 robe
rPois   .            (helmet restricted)
rElec   .            (no cloak)
rCorr   .            (gloves unavailable)
SInv    +            (boots unavailable)
Will    .....        (no amulet)
Stlth   ++           (no ring)
HPRegen 0.21/turn    (no ring)
MPRegen 0.08/turn

%: no passive effects
@: very quick
A: very small, no large weapons, unfitting armour, see invisible, speed 3
a: no special abilities


You were on level 1 of the Dungeon.
You visited 1 branch of the dungeon, and saw 1 of its levels.

You collected 8 gold pieces.


Innate Abilities, Weirdness & Mutations

You are very small and have problems with some larger weapons.
You are too small for most types of armour.
You have supernaturally acute eyesight. (SInv)
You cover ground extremely quickly. (Speed+++)


   Skills:
 - Level 1.5 Fighting
 - Level 4.0 Ranged Weapons
 + Level 3.4 Dodging
 - Level 1.5 Stealth


You couldn't memorise any spells.
You didn't know any spells.
Your spell library was empty.

Inventory:

Hand Weapons
 a - a +0 shortbow (weapon)
Armour
 c - a +0 robe (worn)
Scrolls
 b - a scroll of butterflies

Dungeon Overview and Level Annotations

Branches:
Dungeon (1/15)

Altars:


Message History

The ball python hisses angrily.
You hear a loud squeak.
A goblin comes into view. It is wielding a +0 dagger.
The goblin shouts!
Your Dodging skill increases to level 3!
You shoot an arrow. The arrow hits the ball python!
You kill the ball python!
You hear a shout!
A dart slug comes into view.
A kobold comes into view. It is wielding a +0 short sword. x2
You shoot an arrow. The arrow hits the kobold!
You kill the kobold!
You shoot an arrow. The arrow hits the goblin.
The goblin is heavily wounded.
You hear a loud squeak.
You shoot an arrow. The arrow closely misses the goblin.
You hear a loud squeak.
A rat comes into view.
The goblin hits you with a +0 dagger. The goblin misses you.
You shoot an arrow. The arrow closely misses the goblin.
The goblin hits you with a +0 dagger.
You shoot an arrow.
The arrow hits the goblin but does no damage.
The goblin is heavily wounded.
The rat completely misses you. The goblin misses you.
You shoot an arrow. The arrow barely misses the goblin.
The rat misses you. The goblin completely misses you.
You shoot an arrow. The arrow barely misses the goblin.
The rat barely misses you. The goblin closely misses you.
You shoot an arrow. The arrow hits the goblin.
You kill the goblin!
The rat misses you.
The kobold hits you with a +0 short sword.
The rat bites you but does no damage.
You shoot an arrow.
The arrow hits the rat but does no damage.
The rat misses you.
The kobold hits you with a +0 short sword.
You shoot an arrow. The arrow closely misses the rat.
The kobold barely misses you. The rat bites you.
You die...

.........# ###....
.........## #........
####.....#######........
........'..............
###.....##....#...>....
########....#........
#....#.......[
+.............
#....#@r####+
$......###Kw."# ######.#
.##.).# ... .: ..# ..##
.## .# #.# .. #. $# ##


You could see a dart slug, a kobold and a rat.

Vanquished Creatures
  An endoplasm (D:1)
  A goblin (D:1)
  A kobold (D:1)
  A ball python (D:1)
  A rat (D:1)
5 creatures vanquished.

Notes
Turn   | Place    | Note
-------+----------+-------------------------------------------
     0 | D:1      | qw the Spriggan Hunter began the quest for the Orb.
     0 | D:1      | Reached XP level 1. HP: 10/10 MP: 2/2
     0 | D:1      | 0 ||| qw: Version: 0.3-a-155-g5e7d8dd
     0 | D:1      | 0 ||| qw: Game counter: 966
     0 | D:1      | 0 ||| qw: Melee chars always use a shield: true
     0 | D:1      | 0 ||| qw: God list: Okawaru
     0 | D:1      | 0 ||| qw: Allow faded altars: false
     0 | D:1      | 0 ||| qw: Do Orc after clearing Dungeon:15 true
     0 | D:1      | 0 ||| qw: Do second Lair branch before Depths: true
     0 | D:1      | 0 ||| qw: Lair rune preference: random
     0 | D:1      | 0 ||| qw: Goals: Normal
     0 | D:1      | 0 ||| PLANNING D:1-11
    28 | D:1      | Reached skill level 3 in Dodging
    37 | D:1      | HP: 1/10 [kobold/+0 short sword (3)]
    38 | D:1      | Slain by a rat

Levels and vault maps discovered:
D:1:      scummos_arrival_simple_crosswalls, layout_basic, minmay_hexomino_u4

Skill      XL: |  1 |
---------------+----+-----
Dodging        | 3 |  3.4
Fighting       | |  1.5
Ranged Weapons | |  4.0
Stealth        | |  1.5

Action                     || total
---------------------------++-------
   Fire: Shortbow          ||    13
 Armour: Robe              ||     6
  Dodge: Dodged            ||    10

Table legend:
 A = Non-vault XP
 B = Vault XP
 C = Vault XP percentage of total XP
 D = Non-vault monster count
 E = Vault monster count
 F = Vault count percentage of total count
                 A         B        C        D         E       F
            +---------+---------+-------+---------+---------+-------
      Total |       2 |       6 |  75.0 |       1 |       4 |  80.0
            +---------+---------+-------+---------+---------+-------
        D:1 |       2 |       6 |  75.0 |       1 |       4 |  80.0
            +---------+---------+-------+---------+---------+-------
